AoeStats
← BadLadyBoy

Glade

510466742Analyzed
1v1 RM · 17h ago on Oct 1, 2026· 43m 3s· 2 players
Game mode
Random Map
Map size
Tiny (2 player)
Population
200
Speed
Normal
Resources
Standard
Victory
Conquest
Starting age
Dark Age
Ending age
Imperial Age
RankedLock teamsTeams togetherTeam positionsShared explorationLock speedFull tech treeHidden civsTurbo modeCheats
Victory
Defeat
🇲🇽 Varangians · Mexico
565
+14
🇺🇸 Aztecs · United States
521
-25
BadLadyBoy
13:09 Feudal Age
23:12 Castle Age
21:36 Fletching
24:44 Bodkin Arrow
24:59 Stone Mining
30:22 Wheelbarrow
30:57 Scale Mail Armor
40:23 Double-Bit Axe
papermaniacman
8:21 Loom
14:26 Feudal Age
14:56 Man-at-Arms
15:30 Gold Mining
15:22 Horse Collar
15:30 Double-Bit Axe
17:30 Wheelbarrow
17:15 Bloodlines
18:34 Stone Mining
21:11 Castle Age
20:39 Forging
22:07 Scale Barding Armor
22:11 Husbandry
23:45 Heavy Plow
25:28 Bow Saw
24:47 Light Cavalry
25:52 Chain Barding Armor
26:57 Hand Cart
27:35 Iron Casting
27:19 Town Watch
32:19 Fletching
32:29 Padded Archer Armor
35:28 Imperial Age
36:21 Guilds
37:05 Stone Shaft Mining
37:59 Crop Rotation
38:32 Two-Man Saw
37:59 Ballistics
37:21 Treadmill Crane
37:52 Masonry
38:04 Bodkin Arrow
39:26 Bracer
39:41 Leather Archer Armor
40:26 Blast Furnace
39:27 Scale Mail Armor
40:48 Conscription
41:07 Plate Barding Armor
41:54 Ring Archer Armor
42:52 Cavalier
42:56 Vendel Legacy
Connection lost

Rejoining the realm…

Still unreachable

The connection could not be restored.

Session expired

The server has moved on; the page needs a fresh start.